 Dungeon Crawl Stone Soup version 0.31-a0-1005-gfbdfbac (webtiles) character file.

Game seed: 5396691867612635535

159 Partyfoot the Trooper (level 5, 0/33 HPs)
             Began as a Tengu Fighter on Nov 11, 2023.
             Was a Believer of Wu Jian.
             Slain by an ogre
             ... wielding a +0 giant club
              (18 damage)
             ... on level 4 of the Dungeon.
             The game lasted 00:07:02 (2342 turns).

Partyfoot the Trooper (Tengu Fighter)               Turns: 2342, Time: 00:07:03

Health: 0/33       AC:  6    Str: 17    XL:     5   Next: 40%
Magic:  6/6        EV:  9    Int: 10    God:    Wu Jian [**....]
Gold:   114        SH:  5    Dex: 13    Spells: 4/4 levels left

rFire   . .          .
                       - Unarmed
rCold   . . .        b - +0 buckler
rNeg    . . .        a - +0 scale mail
rPois   .            (helmet restricted)
rElec   .            (no cloak)
rCorr   .            (no gloves)
SInv    +            (boots unavailable)
Will    .....        (no amulet) Stlth
                     d - ring of see invisible
HPRegen 0.25/turn    g - ring of wizardry
MPRegen 0.10/turn

%: acrobat, wizardry (x1)
@: no status effects
A: beak, talons 3, acrobatic
a: Renounce Religion, Wall Jump


You were on level 4 of the Dungeon.
You worshipped Wu Jian.
Wu Jian was pleased with you.
You visited 1 branch of the dungeon, and saw 4 of its levels.

You collected 114 gold pieces.

Inventory:

Hand Weapons
 r - a +0 sling
Missiles
 v - 4 poisoned darts
Armour
 a - a +0 scale mail (worn)
 b - a +0 buckler (worn)
Jewellery
 d - a ring of see invisible (left hand)
 g - a ring of wizardry (right hand)
Scrolls
 e - a scroll of poison {unknown}
 f - a scroll of revelation {unknown}
 h - a scroll of vulnerability {unknown}
 i - 4 scrolls of teleportation {unknown}
 j - 3 scrolls of immolation {unknown}
 k - 2 scrolls of enchant armour {unknown}
 l - 3 scrolls of identify {unknown}
 m - a scroll of fear {unknown}
 n - a scroll of silence {unknown}
 p - 2 scrolls of enchant weapon {unknown}
 q - a scroll of fog {unknown}
 t - a scroll of butterflies {unknown}
Potions
 c - 2 potions of might
 o - a potion of resistance {unknown}
 s - a potion of degeneration {unknown}
 u - a potion of mutation {unknown}


   Skills:
 + Level 4.2 Fighting
 - Level 3.2 Armour
 + Level 4.1 Shields
 + Level 3.8 Unarmed Combat


You had 4 spell levels left.
You didn't know any spells.
Your spell library contained the following spells:

 Spells                   Type           Power      Damage    Failure   Level
 Lesser Beckoning         Tloc           0%         N/A       65%         2
 Passwall                 Tmut/Erth      0%         N/A       65%         2
 Sublimation of Blood     Necr           0%         N/A       65%         2
 Call Canine Familiar     Summ           0%         N/A       86%         3
 Dazzling Flash           Conj/Hex       0%         N/A       86%         3
 Gell's Gravitas          Tloc           0%         N/A       86%         3
 Sigil of Binding         Hex            0%         N/A       86%         3
 Teleport Other           Tloc           0%         N/A       86%         3
 Dimensional Bullseye     Hex/Tloc       0%         N/A       99%         4
 Leda's Liquefaction      Hex/Erth       0%         N/A       99%         4
 Agony                    Necr           0%         N/A       100%        5
 Alistair's Intoxication  Tmut/Pois      0%         N/A       100%        5
 Silence                  Hex/Air        0%         N/A       100%        5


Dungeon Overview and Level Annotations

Branches:
Dungeon (4/15)
 Temple: D:4-7

Altars:
Qazlal
Wu Jian

Shops:
D:1 [   D:2 =


Innate Abilities, Weirdness & Mutations

You have a beak for a mouth.
You have claws for feet.
You can magically evade attacks while moving or waiting.


Message History

The ball python is moderately wounded.
The ball python bites you but does no damage.
You block the ball python's attack.
You hit the ball python.
You kill the ball python!
The Council accepts your kill.
You can now perform airborne attacks.
No target in view!
You pick up a book of the Senses and begin reading...
You add the spells Dazzling Flash, Agony and Silence to your library.
g - a ring of wizardry (right hand)
Okay, then.
Found 4 poisoned darts.
A giant cockroach comes into view.
You hit the giant cockroach. You claw the giant cockroach.
The giant cockroach is severely wounded.
The giant cockroach bites you but does no damage.
You closely miss the giant cockroach.
The giant cockroach is severely wounded.
The giant cockroach bites you but does no damage.
You hit the giant cockroach but do no damage.
Your kick misses the giant cockroach. You peck the giant cockroach.
You kill the giant cockroach!
The Council accepts your kill.
No target in view!
An ogre comes into view. It is wielding a +0 giant club.
The ogre shouts!
You hear a shout!
You hear an angry hiss.
An ogre comes into view. It is wielding a +0 giant spiked club.
You see here 4 poisoned darts.
v - 4 poisoned darts You lunge at the ogre.
You hit the ogre. You claw the ogre!
The ogre is moderately wounded.
The ogre hits you with a +0 giant club! The ogre attacks as it pursues you!
The ogre misses you.
You hit the ogre. You claw the ogre. You peck the ogre, but do no damage.
The ogre is severely wounded.
You hit the ogre.
The ogre is almost dead.
The ogre hits you with a +0 giant club!!
Ouch! That really hurt!
You die...

## ######.####
#.........# #.
##.........#
#..###.........#
#.....##......#
#.....@OO....#
#..#####......##
######..### ####
##...####...
###........
##O......
##........
###.........
#..##.O.........


You could see 2 ogres.

Vanquished Creatures
  A jelly (D:4)
  A sleepcap (D:4)
  6 adders
  2 worms
  An orc (D:3)
  2 ball pythons
  2 bats (D:3)
  7 endoplasms
  A giant cockroach (D:4)
  4 goblins
  2 hobgoblins
  2 kobolds
  6 frilled lizards
  7 rats
44 creatures vanquished.

Notes
Turn   | Place    | Note
-------+----------+-------------------------------------------
     0 | D:1      | Partyfoot the Tengu Fighter began the quest for the Orb.
     0 | D:1      | Reached XP level 1. HP: 14/14 MP: 2/2
   125 | D:1      | Got the Directory of the Damned and Changes
   142 | D:1      | Found Lozxiusiorr's Armour Shop.
   203 | D:1      | Reached XP level 2. HP: 19/19 MP: 3/3
   772 | D:2      | Reached XP level 3. HP: 19/23 MP: 4/4
   842 | D:2      | Found a faded altar of an unknown god.
   845 | D:2      | Prayed at the altar of an unknown god.
   845 | D:2      | Became a worshipper of the Wu Jian Council
   845 | D:2      | Reached * piety under Wu Jian
  1122 | D:2      | Reached XP level 4. HP: 22/29 MP: 5/5
  1159 | D:2      | Found Teshrod's Jewellery Shop.
  2108 | D:4      | Found a stormy altar of Qazlal.
  2115 | D:4      | Reached XP level 5. HP: 30/33 MP: 6/6
  2299 | D:4      | Reached ** piety under Wu Jian
  2323 | D:4      | Noticed an ogre
  2326 | D:4      | Noticed an ogre
  2342 | D:4      | Slain by an ogre

Illustrated notes

Levels and vault maps discovered:
D:1:      onia_arrival_mini_spirals, layout_basic, serial_shops,
          nicolae_shop_window_shopping, serial_bayou_pond_b
D:2:      layout_rooms, hellmonk_ecumenical_altar_inner_sanctum, serial_shops,
          nicolae_shop_trees, minmay_misc_feat_square, nrook_mini_vaults,
          patterned_corridor
D:3:      layout_loops_ring, serial_park_tiny_1, supply_closet_lemuel
D:4:      layout_cave_pods, mainiacjoe_overflow_catwalk,
          minmay_temple_entry_antechambers, minmay_manual_moon

Skill      XL: |  1  2  3  4 |
---------------+-------------+-----
Unarmed Combat | 3 |  3.8
Fighting       | 4 |  4.2
Shields        | 4 |  4.1
Armour         | |  3.2

Action                     |  1- 3 |  4- 6 || total
---------------------------+-------+-------++-------
  Melee: Unarmed           |    82 |    57 ||   139
         Kick              |    12 |    18 ||    30
         Peck              |     6 |    12 ||    18
Ability: Lunge             |     3 |     7 ||    10
 Armour: Scale mail        |    53 |    21 ||    74
  Dodge: Dodged            |    28 |    23 ||    51
  Block: Buckler           |    18 |     9 ||    27

Table legend: (Time is in decaauts)
 A = Elapsed time spent in this place.
 B = Non-inter-level travel time spent in this place.
 C = Inter-level travel time spent in this place.
 D = Time resting spent in this place.
 E = Time spent auto-exploring this place.
 F = Levels seen in this place.
 G = Mean time per level.
                   A        B        C        D        E       F      G
               +--------+--------+--------+--------+--------+-----+--------+
         Total |   2339 |   2185 |    154 |    112 |   1716 |   4 |  584.8 |
       Dungeon |   2339 |   2185 |    154 |    112 |   1716 |   4 |  584.8 |
               +--------+--------+--------+--------+--------+-----+--------+

Top non-repeatable levels by time:
     D:3: 769 daAuts
     D:1: 657 daAuts
     D:2: 631 daAuts
     D:4: 280 daAuts
